 Dungeon Sprint DCSS version 0.30-a0-1094-g860fb061e7 (webtiles) character file.

Game seed: 14201565846107847172

336 Darkkill the Nimble (level 6, -1/85 HPs)
             Began as a Human Monk on Apr 17, 2023.
             Was an Initiate of Gozag.
             Succumbed to Sigmund's poison
             ... in the Dungeon (Sprint VII: "The Pits").
             The game lasted 00:02:31 (427 turns).

Darkkill the Nimble (Human Monk)                     Turns: 427, Time: 00:02:32

Health: -1/85      AC:  9    Str: 14    XL:     6   Next: 84%
Magic:  6/6        EV: 12    Int: 10    God:    Gozag
Gold:   396        SH:  0    Dex: 15    Spells: 5/5 levels left

rFire   . . .      SeeInvis .    o - +0 trident (heavy)
rCold   . . .      Faith    .    d - orb {light}
rNeg    . . .      Spirit   .    p - +3 scale mail
rPois   .          Reflect  .    (no helmet)
rElec   .          Rampage  .    (no cloak)
rCorr   .          NoTele   +    (no gloves)
Will    .....                    (no boots) Stlth
                                 (no amulet)
HPRegen 0.34/turn                (no ring)
MPRegen 0.10/turn                (no ring)

@: berserking (expiring), lethally poisoned (-1 -> -6), gold aura, glowing, very
quick
A: no striking features
a: Renounce Religion, Potion Petition, Call Merchant, Bribe Branch


You were in the Dungeon.
You worshipped Gozag.
Gozag was aware of your devotion.
You visited 1 branch You collected 396 gold pieces.

Inventory:

Hand Weapons
 o - a +0 heavy trident (weapon)
Missiles
 l - 10 stones (quivered)
Armour
 d - an orb of light (worn)
 p - a +3 scale mail (worn)
Scrolls
 j - a scroll of blinking
 m - 5 scrolls of amnesia
 n - a scroll of butterflies
Potions
 a - 2 potions of invisibility
 c - a potion of ambrosia
 e - 6 potions of curing {@q1}
 f - 6 potions of heal wounds
 g - a potion of haste
 h - 4 potions of magic
 i - a potion of berserk rage


   Skills:
 + Level 8.3 Fighting
 + Level 8.3 Long Blades
 + Level 8.4 Dodging


You had 5 spell levels left.
You didn't know any spells.
Your spell library was empty.

Dungeon Overview and Level Annotations

Branches:
Dungeon (1/1)

Altars:
Ashenzari
Cheibriados
Dithmenos
Elyvilon
Fedhas
Gozag
Hepliaklqana
Kikubaaqudgha
Makhleb
Nemelex Xobeh
Okawaru
Qazlal
Ru
Sif Muna
Trog
Uskayaw
Vehumet
Wu Jian
Xom
Yredelemnul
Zin
The Shining One
Jiyva
Lugonu

Annotations:
D Sigmund


Message History

You feel yourself slow down.
You now have 297 gold pieces (gained 72).
You start resting.
You feel yourself speed up.
You start resting.
You recover from your berserk rage.
You start resting.
HP restored.
You now have 396 gold pieces (gained 99).
There is an open door here.
You open the door.
Found ten items.
There is an open door here.
f - 6 potions of heal wounds (gained 5)
e - 6 potions of curing {@q1} (gained 5)
You see here a +0 mace of protection.
You see here a +1 dagger of draining.
You see here a +0 heavy trident.
o - a +0 heavy trident You see here a +3 chain mail.
You see here a +3 scale mail.
p - a +3 scale mail
o - a +0 heavy trident (weapon)
You drop a +2 trident.
You start removing your armour.
You continue taking off your +0 robe. x4
You finish taking off your +0 robe.
You start putting on your armour.
You continue putting on your +3 scale mail. x5
You finish putting on your +3 scale mail.
You drop a +0 robe.
You see here a +2 long sword of holy wrath.
You see here a +1 quarterstaff of speed.
You see here a +1 heavy hand axe.
There is an open door here.
There is an open door here.
There is an open door here.
There is an open door here.
You open the door.
There is an open door here.
You open the door.
Sigmund, a wight and a sky beast come into view.
Sigmund is wielding a +3 scythe of venom.
There is an open door here.
Sigmund points at you and mumbles some strange words.
The puff of flame hits you.
The sky beast hits you but does no damage.
Sigmund hits you from afar with a +3 scythe of venom!
You hit the sky beast.
The sky beast is lightly wounded.
The sky beast hits you but does no damage.
Sigmund closely misses you.
The sky beast flickers out of sight for a moment.
The sky beast barely misses you.
You barely miss the sky beast. The sky beast hits you.
The sky beast shocks you. Sigmund misses you.
The sky beast hits you but does no damage.
A red film seems to cover your vision as you go berserk!
You feel yourself moving faster!
You feel mighty!
Sigmund hits you from afar with a +3 scythe of venom!
You are poisoned.
The sky beast hits you. The sky beast shocks you.
You puncture the sky beast!
The sky beast is moderately wounded.
You feel very sick. The sky beast closely misses you.
Sigmund hits you from afar with a +3 scythe of venom.
* * * LOW HITPOINT WARNING * * *
You hit the sky beast.
The sky beast is moderately wounded.
You feel sick.
The sky beast hits you but does no damage.
Sigmund completely misses you.
You puncture the sky beast!
The sky beast is almost dead.
You feel sick. The sky beast completely misses you.
Sigmund completely misses you.
The sky beast hits you but does no damage.
You puncture the sky beast!
You kill the sky beast!
You feel sick.
Your Fighting skill increases to level 8!
Your Long Blades skill increases to level 8!
Your Dodging skill increases to level 8!
Sigmund hits you with a +3 scythe of venom!
* * * LOW HITPOINT WARNING * * *
You are lethally poisoned!
You see here 144 gold pieces.
You closely miss Sigmund.
* * * LOW HITPOINT WARNING * * *
You feel very sick. Sigmund barely misses you.
You puncture Sigmund!
Sigmund is heavily wounded.
* * * LOW HITPOINT WARNING * * *
You feel very sick. Sigmund closely misses you.
You closely miss Sigmund.
Sigmund is heavily wounded.
You die...
Your body crumbles into a pile of gold.

#'#####'#####.....
#.#...#.#[[##.....
#.#...#.#).#####'#
#.#...'.#))##.....
#.##'####))##.....
#.#.....#..##.....
#.#.....#'###...<.
#.#........##.....
#@#........##.....
#@###########.....
#z....z.# ######
#..#.#@.# #.## #
#.. #.# #.. #..


You could see Sigmund and a wight.

Vanquished Creatures
  A flying skull (D)
  A sky beast (D)
  A scorpion (D)
  An adder (D)
  An adder zombie (D)
  An orc (D)
  A bat zombie (D)
  An endoplasm (D)
  A giant cockroach (D)
  A frilled lizard (D)
10 creatures vanquished.

Notes
Turn   | Place    | Note
-------+----------+-------------------------------------------
     0 | D        | Darkkill the Human Monk began the quest for the Orb.
     0 | D        | Reached XP level 1. HP: 18/18 MP: 1/1
    25 | D        | Found a bloodstained altar of Trog.
    25 | D        | Found a shimmering blue altar of Sif Muna.
    25 | D        | Found a viscous altar of Jiyva.
    25 | D        | Found a hazy altar of Hepliaklqana.
    25 | D        | Found an opulent altar of Gozag.
    26 | D        | Found a glowing golden altar of the Shining One.
    26 | D        | Found a glowing silver altar of Zin.
    26 | D        | Found a basalt altar of Yredelemnul.
    26 | D        | Found a shimmering altar of Xom.
    26 | D        | Found an ornate altar of the Wu Jian Council.
    26 | D        | Found a sacrificial altar of Ru.
    26 | D        | Found a stormy altar of Qazlal.
    26 | D        | Found an iron altar of Okawaru.
    26 | D        | Found a sparkling altar of Nemelex Xobeh.
    26 | D        | Found a burning altar of Makhleb.
    26 | D        | Found a blossoming altar of Fedhas.
    26 | D        | Found a white marble altar of Elyvilon.
    26 | D        | Found a shadowy altar of Dithmenos.
    26 | D        | Found a snail-covered altar of Cheibriados.
    28 | D        | Found a radiant altar of Vehumet.
    28 | D        | Found a corrupted altar of Lugonu.
    29 | D        | Found a hide-covered altar of Uskayaw.
    29 | D        | Found an ancient bone altar of Kikubaaqudgha.
    29 | D        | Found a broken altar of Ashenzari.
    43 | D        | Became a worshipper of Gozag Ym Sagoz the Greedy
    91 | D        | Reached XP level 2. HP: 25/25 MP: 2/2
    96 | D        | Noticed a scorpion
   104 | D        | Killed a scorpion
   105 | D        | Reached skill level 5 in Fighting
   105 | D        | Reached skill level 5 in Long Blades
   105 | D        | Reached skill level 5 in Dodging
   105 | D        | Reached XP level 3. HP: 20/33 MP: 3/3
   105 | D        | Reached XP level 4. HP: 23/39 MP: 4/4
   167 | D        | Noticed a flying skull
   176 | D        | HP: 9/58 [flying skull (11)]
   176 | D        | HP: 4/58 [flying skull (5)]
   177 | D        | Killed a flying skull
   178 | D        | Reached XP level 5. HP: 6/48 MP: 5/5
   178 | D        | Reached XP level 6. HP: 6/55 MP: 6/6
   408 | D        | Noticed Sigmund
   408 | D        | Noticed a sky beast
   423 | D        | Killed a sky beast
   424 | D        | HP: 7/85 [Sigmund/+3 scythe of venom (12)]
   425 | D        | HP: 3/85 [poisoned by Sigmund]
   426 | D        | HP: 1/85 [poisoned by Sigmund]
   427 | D        | Succumbed to Sigmund's poison

Illustrated notes

Levels and vault maps discovered:
D:        pitsprint [storerooms_1, entrance_room_1, metal_vault_8, armoury_1,
          mini_pit_1, grid_room_1, main_hall_1, silver_pit, the_coven_1,
          the_vestibule_1, steel_vault_5, golden_pit, hallway_of_sentries,
          crystal_vault_2, iron_vault_1, final_vault]

Skill      XL: |  1  2  3  4  5  6 |
---------------+-------------------+-----
Fighting       | 5 7 8 |  8.3
Long Blades    | 5 7 8 |  8.3
Dodging        | 5 7 8 |  8.4

Action                     |  1- 3 |  4- 6 || total
---------------------------+-------+-------++-------
  Melee: Trident           |    12 |    21 ||    33
         Falchion          |     4 |       ||     4
    Use: Potion            |       |     2 ||     2
 Armour: Robe              |       |     2 ||     2
         Scale mail        |       |     5 ||     5
  Dodge: Dodged            |    12 |    19 ||    31

Table legend: (Time is in decaauts)
 A = Elapsed time spent in this place.
 B = Non-inter-level travel time spent in this place.
 C = Inter-level travel time spent in this place.
 D = Time resting spent in this place.
 E = Time spent auto-exploring this place.
 F = Levels seen in this place.
 G = Mean time per level.
                   A        B        C        D        E       F      G
               +--------+--------+--------+--------+--------+-----+--------+
         Total |    449 |    428 |     21 |    224 |      0 |   1 |  449.0 |
       Dungeon |    449 |    428 |     21 |    224 |      0 |   1 |  449.0 |
               +--------+--------+--------+--------+--------+-----+--------+

Top non-repeatable levels by time:
       D: 449 daAuts

Table legend:
 A = Kills in this place as a percentage of kills in the entire game.
 B = Kills by you in this place as a percentage of kills by you in the entire game.
 C = Kills by friends in this place as a percentage of kills by friends in the entire game.
 D = Other kills in this place as a percentage of other kills in the entire game.
 E = Experience gained in this place as a percentage of experience gained in the entire game.
 F = Experience gained in this place divided by the number of levels of this place that you have seen.
                   A       B       C       D       E      F
               +-------+-------+-------+-------+-------+----------------------
         Total | 100.0 | 100.0 |   N/A |   N/A | 100.0 | 480.0
       Dungeon | 100.0 | 100.0 |   N/A |   N/A | 100.0 | 480.0
               +-------+-------+-------+-------+-------+----------------------
